 Dungeon Crawl Stone Soup version 0.19-a0-1170-g18f0c96 (webtiles) character file.

1665 poirepourri the Thaumaturge (level 9, 0/45 HPs)
             Began as a Gargoyle Earth Elementalist on Aug 17, 2016.
             Slain by an unseen horror (5 damage)
             ... on level 5 of the Dungeon.
             The game lasted 00:10:46 (6676 turns).

poirepourri the Thaumaturge (GrEE)                  Turns: 6676, Time: 00:10:46

Health: 0/45       AC:  9    Str: 13    XL:     9   Next: 1%
Magic:  21/21      EV: 12    Int: 23    God:
Gold:   254        SH:  0    Dex: 10    Spells: 4 memorised, 14 levels left

rFire  + . .     SeeInvis .     b - 74 stones
rCold  + . .     Gourm    .     c - +2 robe
rNeg   + . .     Faith    .     (no shield)
rPois  ∞         Spirit   .     (no helmet)
rElec  +         Dismiss  .     (no cloak)
rCorr  +         Reflect  .     (no gloves)
MR     .....     Harm     .     (no boots)
Stlth  ++........               (no amulet)
                                (no ring)
                                h - ring of wizardry

@: brilliant, resistant
A: negative energy resistance 1, electricity resistance, unbreathing,
petrification resistance, rot immunity, AC +5
a: no special abilities


You were on level 5 of the Dungeon.
You were not hungry.

You visited 2 branches of the dungeon, and saw 6 of its levels.

You collected 254 gold pieces.

Inventory:

Missiles
 b - 74 stones (in hand)
Armour
 c - a +2 robe (worn)
 d - the +5 helmet of Proximity {Str+2, unknown}
   (You found it on level 4 of the Dungeon)

   It affects your strength (+2).
 s - a cursed +0 scale mail
Jewellery
 h - a ring of wizardry (left hand)
 u - an uncursed amulet of guardian spirit {unknown}
Scrolls
 o - 2 scrolls of enchant weapon
Potions
 i - a potion of flight
 j - a potion of agility
 k - a potion of berserk rage
 l - a potion of magic
 n - 3 potions of brilliance
 r - a potion of might {unknown}
Books
 e - a book of Geomancy

   Spells                             Type                      Level
   a - Sandblast                      Earth                        1
   b - Passwall                       Transmutation/Earth          2
   c - Stone Arrow                    Conjuration/Earth            3
   d - Petrify                        Transmutation/Earth          4
   e - Lee's Rapid Deconstruction     Earth                        5
 m - a book of Enchantments

   Spells                             Type                      Level
   a - Cause Fear                     Hexes                        4
   b - Yara's Violent Unravelling     Hexes/Transmutation          5
   c - Silence                        Hexes/Air                    5
   d - Deflect Missiles               Charms/Air                   6
   e - Haste                          Charms                       6
   f - Discord                        Hexes                        8
Comestibles
 t - 2 slices of pizza


   Skills:
 - Level 1.5 Dodging
 - Level 2.1 Stealth
 * Level 8.4 Spellcasting
 + Level 2.3 Conjurations
 + Level 0.7 Transmutations
 + Level 8.3 Earth Magic


You had 14 spell levels left.
You knew the following spells:

 Your Spells              Type           Power        Failure   Level  Hunger
a - Sandblast             Erth           ######       1%          1    None
b - Passwall              Tmut/Erth      #####.....   1%          2    None
c - Stone Arrow           Conj/Erth      #####.       1%          3    None
d - Petrify               Tmut/Erth      #####...     1%          4    ##.....


Dungeon Overview and Level Annotations

Branches:
Dungeon (5/15)             Temple (1/1) D:5

Altars:
Fedhas
Hepliaklqana
Kikubaaqudgha
Makhleb
Nemelex Xobeh
Qazlal
Sif Muna
Vehumet
Xom
Zin
The Shining One


Innate Abilities, Weirdness & Mutations

You are resistant to torment.
Your stone body is resilient. (AC +5)
You are immune to poison.
You resist negative energy. (rN+)
You are resistant to electric shocks. (rElec)
You can survive without breathing.
You are immune to petrification.
You are immune to rotting.


Message History

Something hits you! Something hits you.
* * * LOW HITPOINT WARNING * * *
Something hits you but does no damage. x2
You clumsily bash something but do no damage.
Something hits you but does no damage. Something hits you but does no damage.
There is an open door here.
Something hits you.
* * * LOW HITPOINT WARNING * * *
Something hits you.
* * * LOW HITPOINT WARNING * * *
Something hits you.
* * * LOW HITPOINT WARNING * * *
Do you really want to go berserk while wielding your 74 stones?
Okay, then.
Okay, then.
It was a potion of curing.
You feel better. Something hits you.
* * * LOW HITPOINT WARNING * * *
Something hits you.
You die...

#......#..#......#
#####..#..#..#####
.#
#......#..#......#
.##
#......#..#......#
...
#..#####..#####..#
..#
#.....(#..#......#
..#
#......#..#......#
..#
#####..#..#..#####
...
#...#))#..#.@#$.[#
.#
#.8.#..#..#..#..$#
##
#†..'..#..#..'...#
########..########
#.#..##.#
#...#...# .
###.#.### .. #...#
.... ##.##


There were no monsters in sight!

Vanquished Creatures
  The ghost of Nattefrost the Cleaver, a novice HOMo (D:4)
  3 phantoms
  An ice beast (D:5)
  2 centaurs (D:5)
  The ghost of Yermak the Vexing, an amateur DEWn (D:3)
  A howler monkey (D:4)
  A centaur zombie (D:4)
  A crimson imp (D:5)
  2 giant frog zombies (D:4)
  2 hounds
  2 centaur skeletons
  2 iguanas (D:4)
  6 worker ants
  3 hound zombies (D:4)
  A worker ant zombie (D:4)
  Robin (D:3)
  7 adders
  A howler monkey skeleton (D:5)
  An ooze (D:4)
  2 adder skeletons (D:4)
  4 worms
  A dart slug (D:3)
  4 giant geckos
  7 orcs
  2 ball pythons
  4 giant cockroaches (D:2)
  19 goblins
  10 hobgoblins
  13 jackals
  4 quokkas
  5 bats
  A giant cockroach zombie (D:4)
  5 giant newts
  2 jackal skeletons
  6 kobolds
  5 rats
133 creatures vanquished.

Notes
Turn   | Place    | Note
-------+----------+-------------------------------------------
     0 | D:1      | poirepourri the Gargoyle Earth Elementalist began the quest for the Orb.
     0 | D:1      | Reached XP level 1. HP: 10/10 MP: 3/3
   432 | D:1      | Reached XP level 2. HP: 15/15 MP: 3/5
   769 | D:1      | Learned a level 2 spell: Passwall
  1020 | D:2      | Reached XP level 3. HP: 19/19 MP: 0/7
  1384 | D:2      | Reached XP level 4. HP: 24/24 MP: 6/8
  2134 | D:2      | Found a blossoming altar of Fedhas.
  2196 | D:3      | Noticed Yermak's ghost (amateur DEWn)
  2244 | D:2      | Learned a level 3 spell: Stone Arrow
  2249 | D:2      | Learned a level 4 spell: Petrify
  2279 | D:3      | Noticed Robin
  2303 | D:2      | Reached XP level 5. HP: 28/28 MP: 0/10
  2496 | D:3      | Killed Robin
  2496 | D:3      | Reached skill level 5 in Earth Magic
  2844 | D:3      | Killed Yermak's ghost
  2844 | D:3      | Reached XP level 6. HP: 32/32 MP: 6/12
  3649 | D:4      | Found a stormy altar of Qazlal.
  3715 | D:4      | Reached skill level 5 in Spellcasting
  3913 | D:4      | Noticed a phantom
  3943 | D:4      | Killed a phantom
  3943 | D:4      | Reached XP level 7. HP: 29/36 MP: 4/15
  4367 | D:4      | Noticed Nattefrost's ghost (novice HOMo)
  4864 | D:4      | Got an ichor-stained helmet
  4890 | D:4      | Killed Nattefrost's ghost
  4890 | D:4      | Reached skill level 1 in Conjurations
  4890 | D:4      | Reached XP level 8. HP: 31/41 MP: 2/18
  5761 | D:5      | Entered Level 5 of the Dungeon
  5889 | D:5      | Found a staircase to the Ecumenical Temple.
  5898 | Temple   | Entered the Ecumenical Temple
  6649 | D:5      | Reached XP level 9. HP: 40/45 MP: 17/21
  6675 | D:5      | HP: 2/45 [something (5)]
  6676 | D:5      | Slain by an unseen horror

Vault maps used:
D:1:      mrwooster_arrival_arrow, hangedman_abyss_or_decor_stabs
D:2:      fedhas_altar_4, minmay_surrounded
D:3:      first_bread, uniq_robin
D:4:      kennysheep_little_box, serial_undead, serial_undead_f,
          serial_undead_c, serial_undead_d, serial_undead_d, serial_undead_e,
          serial_undead_d, serial_undead_f
D:5:      kennysheep_windowed_halls, st_stairs_3
Temple:   dpeg_three_leaves_temple

Skill      XL: |  1  2  3  4  5  6  7  8 |
---------------+-------------------------+-----
Earth Magic    | 4 5 6 7 8 |  8.3
Spellcasting   | 3 4 5 7 8 |  8.4
Conjurations   | 1 2 |  2.3
Dodging        | |  1.5
Stealth        | |  2.1
Transmutations | |  0.7

Action                   |  1- 3 |  4- 6 |  7- 9 || total
-------------------------+-------+-------+-------++-------
 Cast: Sandblast         |    36 |   101 |    71 ||   208
       Passwall          |     1 |     2 |       ||     3
       Stone Arrow       |       |     8 |    46 ||    54
  Use: Scroll            |     3 |     8 |     7 ||    18
       Potion            |       |       |     7 ||     7
  Eat: Meat ration       |     1 |       |     1 ||     2
       Bread ration      |       |     2 |       ||     2
       Chunk             |       |       |     1 ||     1
Armor: Robe              |     7 |     9 |    38 ||    54
Dodge: Dodged            |    13 |    33 |    51 ||    97
